[Event "Titled Tuesday Blitz May 23 Late 2023"]
[White "Vega Gutierrez, Sabrina"]
[Black "Melian, Juan Sebastian"]
[WhiteFideId "2219026"]
[BlackFideId "3706575"]
[WhiteElo "2209"]
[BlackElo "2092"]
[Result "1-0"]
[Round "09"]
[TimeControl "180+2"]
[Date "2023.05.23"]
[WhiteClock "0:01:02"]
[BlackClock "0:00:00"]

1. e4 c5 2. Nf3 e6 3. d4 cxd4 4. Nxd4 Nf6 5. Nc3 Nc6 6. Nxc6 bxc6 7. e5 Nd5 8. Ne4 Qc7 9. f4 Be7 10. c4 Nb4 11. a3 Na6 12. Be3 O-O 13. b4 f5 14. Nd6 Nb8 15. Be2 a5 16. O-O Bb7 17. b5 cxb5 18. cxb5 Bxd6 19. exd6 Qd8 20. Rc1 Bd5 21. Bf3 Bxf3 22. Qxf3 1-0


[Site "https://www.chess.com"]

[Event "Titled Tuesday Blitz May 23 Late 2023"]
[White "Ibadov, Dashgyn"]
[Black "a-z30"]
[WhiteFideId "24107514"]
[WhiteElo "2208"]
[BlackElo "2415"]
[Result "1-0"]
[Round "09"]
[TimeControl "180+2"]
[Date "2023.05.23"]
[WhiteClock "0:00:31"]
[BlackClock "0:00:00"]

1. e4 d6 2. d4 Nf6 3. Nc3 g6 4. Nf3 Bg7 5. Be3 O-O 6. Qd2 Bg4 7. h4 Nc6 8. Nh2 Bd7 9. O-O-O e5 10. dxe5 dxe5 11. h5 Nd4 12. h6 Bh8 13. Nf3 Bg4 14. Be2 Bxf3 15. gxf3 c5 16. f4 exf4 17. Bxf4 Qa5 18. Kb1 b5 19. Nd5 Qd8 20. Nxf6+ Qxf6 21. e5 Qb6 22. c3 Nxe2 23. Qxe2 Rad8 24. Rxd8 Rxd8 25. Rd1 c4 26. Rd6 Rxd6 27. exd6 Qd8 28. Qe7 Bf6 29. Qxa7 Qe8 30. a3 Bd8 31. Ka2 1-0


[Site "https://www.chess.com"]

[Event "Titled Tuesday Blitz May 23 Late 2023"]
[White "Arencibia Monduy, Antonio"]
[Black "Tologon tegin, Semetei"]
[WhiteFideId "3507939"]
[BlackFideId "13800574"]
[WhiteElo "2411"]
[BlackElo "2247"]
[Result "1-0"]
[Round "09"]
[TimeControl "180+2"]
[Date "2023.05.23"]
[WhiteClock "0:00:22"]
[BlackClock "0:00:49"]

1. e4 c5 2. Nf3 d6 3. c3 Nf6 4. Be2 g6 5. O-O Bg7 6. Re1 O-O 7. Bf1 Nc6 8. h3 d5 9. e5 Ne8 10. d4 cxd4 11. cxd4 Bf5 12. a3 Be4 13. Be3 f6 14. exf6 exf6 15. Nbd2 f5 16. Bf4 Nxd4 17. Nxd4 Bxd4 18. Nxe4 dxe4 19. Qb3+ Kg7 20. Rad1 Qb6 21. Qg3 Nf6 22. Be2 Rf7 23. b4 Rd7 24. Qh4 Rad8 25. Bg5 Be5 26. Rxd7+ Rxd7 27. Bc4 Qc6 28. Qh6+ Kh8 29. Qf8+ 1-0


[Site "https://www.chess.com"]

[Event "Titled Tuesday Blitz May 23 Late 2023"]
[White "KorolDimitriy75"]
[Black "Musovic, Armin"]
[BlackFideId "939935"]
[WhiteElo "2402"]
[BlackElo "2322"]
[Result "0-1"]
[Round "09"]
[TimeControl "180+2"]
[Date "2023.05.23"]
[WhiteClock "0:00:00"]
[BlackClock "0:00:46"]

1. d4 d5 2. c4 c5 3. Nc3 cxd4 4. Qxd4 Nc6 5. Qxd5 Be6 6. Qb5 a6 7. Qa4 Nf6 8. Nf3 g6 9. e3 Bg7 10. Be2 O-O 11. O-O Nd7 12. Rd1 Qc8 13. Qc2 Nb6 14. b3 Nb4 15. Qb2 Rd8 16. Bd2 h6 17. Be1 Qc5 18. h3 g5 19. Rac1 Qc7 20. a3 Nc6 21. Qc2 Rdc8 22. Qa2 Ne5 23. Nd4 Bd7 24. Qc2 g4 25. hxg4 Nxg4 26. g3 Ne5 27. Bf1 Qd6 28. Qa2 Qg6 29. Bg2 h5 30. Qc2 f5 31. Qe2 h4 32. gxh4 f4 33. exf4 Bg4 34. Qe4 Qh5 35. fxe5 Rd8 36. Nd5 Nxd5 37. cxd5 Rf8 38. Ne6 Rf3 0-1


[Site "https://www.chess.com"]

[Event "Titled Tuesday Blitz May 23 Late 2023"]
[White "Kisic, Bozidar"]
[Black "Qiao, Cindy"]
[WhiteFideId "16500350"]
[BlackFideId "2620243"]
[WhiteElo "2234"]
[BlackElo "1777"]
[Result "1/2-1/2"]
[Round "09"]
[TimeControl "180+2"]
[Date "2023.05.23"]
[WhiteClock "0:00:24"]
[BlackClock "0:00:31"]

1. d4 d5 2. c4 e6 3. Nc3 Nf6 4. cxd5 exd5 5. Bg5 Nbd7 6. e3 Be7 7. Bd3 c6 8. Qc2 Nh5 9. Bxe7 Qxe7 10. Nge2 g6 11. h3 Ndf6 12. g4 Ng7 13. Ng3 Be6 14. O-O-O O-O-O 15. Kb1 Kb8 16. Rc1 Qb4 17. a3 Qb6 18. Na4 Qa5 19. Nc5 Bc8 20. Ka2 Ne6 21. b4 Qb6 22. Rb1 Ne8 23. Rhc1 Nd6 24. a4 Ka8 25. b5 cxb5 26. Bxb5 Qa5 27. Nxe6 Bxe6 28. Qc7 Qxc7 29. Rxc7 Rc8 30. Rbc1 Rxc7 31. Rxc7 Kb8 32. Rc1 Rc8 33. Rxc8+ Kxc8 34. Kb2 Nxb5 35. axb5 Bd7 36. b6 axb6 37. Kc3 Kc7 38. Kb4 Kd6 39. f3 f5 40. Ne2 h5 41. gxh5 gxh5 42. h4 Kc6 43. Nf4 Be8 44. Nd3 Kd6 45. Ne5 Ke6 46. Nd3 Kd6 47. Nf4 Kc6 48. Ne2 Kd6 49. Ng3 Ke6 50. f4 Kf6 51. Ne2 Ke6 52. Nc1 Kd6 53. Nd3 Ke6 54. Nb2 Kd6 55. Nd1 Ke6 56. Nc3 Kd6 57. Ne2 Ke6 58. Ng3 Kf6 59. Kc3 Ke6 60. Ne2 Bb5 61. Ng3 Be8 62. Kd2 Kd6 63. Ne2 Ke6 64. Ng3 Kf6 65. Ke2 Ke6 66. Kf3 Kf6 67. Ne2 Ke6 68. Nc1 Kf6 69. Nd3 Ke6 70. Nb4 Kd6 71. Ke2 Ke6 72. Kd2 Kd6 73. Nd3 Ke6 74. Ne5 1/2-1/2


[Site "https://www.chess.com"]

[Event "Titled Tuesday Blitz May 23 Late 2023"]
[White "Toncheva, Nadya"]
[Black "Ammar, Sedrani"]
[WhiteFideId "2924056"]
[BlackFideId "9312331"]
[WhiteElo "2101"]
[BlackElo "2115"]
[Result "0-1"]
[Round "09"]
[TimeControl "180+2"]
[Date "2023.05.23"]
[WhiteClock "0:00:03"]
[BlackClock "0:00:23"]

1. e4 e5 2. Nf3 Nc6 3. Bb5 a6 4. Ba4 Nf6 5. O-O Be7 6. Re1 b5 7. Bb3 O-O 8. a4 Rb8 9. axb5 axb5 10. d3 d6 11. h3 Bd7 12. Nbd2 Nb4 13. Nf1 c5 14. Bd2 Nc6 15. Ne3 Nd4 16. Nxd4 cxd4 17. Nd5 Be6 18. Nxf6+ Bxf6 19. c3 d5 20. cxd4 exd4 21. e5 Be7 22. Qe2 Qd7 23. Rec1 Rfc8 24. Qf3 h6 25. Bf4 Rc6 26. Rxc6 Qxc6 27. Qd1 Rc8 28. Rc1 Qb7 29. Rxc8+ Qxc8 30. Qc2 Qa8 31. Kh2 g5 32. Bg3 h5 33. f3 Kg7 34. Bf2 Qa7 35. Qd2 f6 36. exf6+ Bxf6 37. Qb4 Qc7+ 38. Bg3 Be5 39. Qe1 Kf6 40. Bxe5+ Qxe5+ 41. Qxe5+ Kxe5 42. Kg3 Bf5 43. Bc2 h4+ 44. Kf2 Kf4 45. b4 Be6 46. Bb3 Bf5 47. Bxd5 Bxd3 48. Bc6 Bc4 49. Bd7 d3 50. Ke1 Ke3 51. Bf5 d2+ 52. Kd1 Bb3+ 0-1


[Site "https://www.chess.com"]

[Event "Titled Tuesday Blitz May 23 Late 2023"]
[White "Haszon, David"]
[Black "Figorito, Nick"]
[WhiteFideId "733610"]
[BlackFideId "30923689"]
[WhiteElo "2210"]
[BlackElo "2379"]
[Result "1-0"]
[Round "09"]
[TimeControl "180+2"]
[Date "2023.05.23"]
[WhiteClock "0:00:50"]
[BlackClock "0:00:01"]

1. d4 Nf6 2. Bf4 g6 3. Nc3 d5 4. e3 Bg7 5. h4 h5 6. Nf3 Bg4 7. Qd3 c6 8. Ng5 Bf5 9. Qd2 b5 10. Bd3 Bxd3 11. Qxd3 Nbd7 12. e4 dxe4 13. Ncxe4 Qa5+ 14. Bd2 Qb6 15. Be3 Nxe4 16. Nxe4 Qa5+ 17. Bd2 Qb6 18. c3 a5 19. Qe2 O-O 20. g4 hxg4 21. h5 Nf6 22. hxg6 fxg6 23. Ng5 c5 24. dxc5 Qc6 25. O-O-O b4 26. Qc4+ e6 27. Nxe6 Qe4 28. Qxe4 Nxe4 29. Nxf8 Rxf8 30. cxb4 Nxf2 31. b5 Nd3+ 32. Kc2 Nxc5 33. Bxa5 Ra8 34. Bc3 Rxa2 35. Ra1 Rxa1 36. Rxa1 Bxc3 37. bxc3 g3 38. c4 Kf7 39. Rg1 Ne4 40. b6 Ke6 41. b7 1-0


[Site "https://www.chess.com"]

[Event "Titled Tuesday Blitz May 23 Late 2023"]
[White "Senft, Sean"]
[Black "Alexikov, Alexander"]
[WhiteFideId "2044960"]
[BlackFideId "14103958"]
[WhiteElo "1989"]
[BlackElo "2186"]
[Result "1-0"]
[Round "09"]
[TimeControl "180+2"]
[Date "2023.05.23"]
[WhiteClock "0:01:05"]
[BlackClock "0:00:40"]

1. d4 Nf6 2. c4 g6 3. Nc3 Bg7 4. e4 d6 5. f4 O-O 6. Nf3 c6 7. Bd3 a6 8. e5 Ne8 9. O-O b5 10. c5 Bg4 11. h3 Bxf3 12. Qxf3 dxc5 13. dxc5 Qd4+ 14. Qe3 Qxe3+ 15. Bxe3 Nc7 16. Be4 e6 17. Ne2 Nd5 18. Bxd5 cxd5 19. Nd4 Rc8 20. b4 Nc6 21. Nxc6 Rxc6 22. a4 bxa4 23. Rxa4 Rb8 24. Rfa1 Bf8 25. Bd2 Ra8 26. Kf2 d4 27. Ke2 d3+ 28. Kxd3 Rd8+ 29. Ke2 Rc7 30. Rxa6 Rcd7 31. Be3 Rd3 32. Ra8 R8d5 33. f5 Rxe3+ 34. Kxe3 Rxe5+ 35. Kd4 Rxf5 36. c6 Kg7 37. c7 Be7 38. c8=Q Bf6+ 39. Kc4 Rf4+ 40. Kb3 Bxa1 41. Qh8+ Kh6 42. Rxa1 1-0


[Site "https://www.chess.com"]

[Event "Titled Tuesday Blitz May 23 Late 2023"]
[White "FuenfgegenWilly"]
[Black "Goncalves, Davi Sulzbacher"]
[BlackFideId "2154510"]
[WhiteElo "2376"]
[BlackElo "2182"]
[Result "1/2-1/2"]
[Round "09"]
[TimeControl "180+2"]
[Date "2023.05.23"]
[WhiteClock "0:00:14"]
[BlackClock "0:00:03"]

1. d4 Nf6 2. Bg5 d5 3. Bxf6 gxf6 4. e3 e6 5. g3 c5 6. Bg2 Nc6 7. Ne2 Qb6 8. Nbc3 cxd4 9. exd4 Bd7 10. Na4 Qa5+ 11. c3 Nxd4 12. Qxd4 Qxa4 13. Qxf6 Rg8 14. Qd4 Qxd4 15. Nxd4 Bg7 16. O-O-O Rc8 17. Kb1 Rc4 18. Rhe1 Bxd4 19. Rxd4 Rxd4 20. cxd4 Ke7 21. Bf1 Kd6 22. Bd3 f6 23. h4 h6 24. Bh7 Rg7 25. Bc2 a5 26. Re3 Rg4 27. f4 b5 28. Bd1 Rg8 29. Be2 b4 30. a3 Ba4 31. axb4 axb4 32. b3 Bd7 33. Kb2 Bc6 34. Bh5 Bd7 35. Bf7 Rg7 36. Bh5 Rg8 37. Be2 Rc8 38. Bf1 Rf8 39. Bh3 Rg8 40. Bf1 Be8 41. Kc1 Bg6 42. Kd2 Ra8 43. Ke1 Ra2 44. Be2 Be4 45. Kf2 f5 46. Ke1 Rb2 47. Bd1 Rg2 48. Kf1 Rh2 49. Be2 Rh1+ 50. Kf2 Rb1 51. Bb5 Bc2 52. Ba4 Rb2 53. Ke1 Be4 54. Re2 Rb1+ 55. Kf2 Bd3 56. Rd2 Be4 57. Re2 Rc1 58. Re1 Rc3 59. Re3 Kc7 60. Ke2 Rc2+ 61. Ke1 Kb7 62. Re2 Rc3 63. Kf2 Kc7 64. Re3 Rc2+ 65. Re2 Rc1 66. Re1 Rc3 67. Re3 Kd6 68. Ke2 Ke7 69. Kd2 Rc2+ 70. Ke1 Rb2 71. Re2 Rb1+ 72. Kf2 Bd3 73. Rd2 Be4 74. Re2 Kf6 75. Re1 Rb2+ 76. Re2 Rb1 77. Re1 Rb2+ 78. Re2 Rb1 1/2-1/2


[Site "https://www.chess.com"]

[Event "Titled Tuesday Blitz May 23 Late 2023"]
[White "Smiechu"]
[Black "Bilan, Danila"]
[BlackFideId "24161918"]
[WhiteElo "2368"]
[BlackElo "2182"]
[Result "0-1"]
[Round "09"]
[TimeControl "180+2"]
[Date "2023.05.23"]
[WhiteClock "0:02:14"]
[BlackClock "0:01:39"]

1. e4 c6 2. d4 d5 3. f3 Qb6 4. c3 e5 5. Ne2 dxe4 6. fxe4 Nf6 7. Ng3 Bg4 8. Be2 Bxe2 9. Qxe2 exd4 10. O-O d3+ 11. Qf2 Bc5 12. Nf5 Bxf2+ 13. Rxf2 Ng4 14. Nxg7+ Kf8 15. Ne6+ Ke7 16. Nd4 Nxf2 0-1


[Site "https://www.chess.com"]

[Event "Titled Tuesday Blitz May 23 Late 2023"]
[White "Sarkar, Justin"]
[Black "Toniutti, Ezio"]
[WhiteFideId "2010011"]
[BlackFideId "113034"]
[WhiteElo "2168"]
[BlackElo "2215"]
[Result "0-1"]
[Round "09"]
[TimeControl "180+2"]
[Date "2023.05.23"]
[WhiteClock "0:00:00"]
[BlackClock "0:00:28"]

1. e4 e5 2. f4 Bc5 3. Nf3 d6 4. Bc4 Nf6 5. d3 Nc6 6. c3 a6 7. Qe2 O-O 8. b4 Bb6 9. f5 d5 10. Bb3 d4 11. a3 dxc3 12. Nxc3 a5 13. Bg5 Nd4 14. Nxd4 Qxd4 15. Rc1 axb4 16. axb4 Qxb4 17. Bxf6 gxf6 18. Bc4 Bd4 19. Qd2 Ra3 20. Nd5 Qxd2+ 21. Kxd2 Kg7 22. Nxc7 Bd7 23. Nb5 Bxb5 24. Bxb5 Ra2+ 25. Rc2 Be3+ 0-1


[Site "https://www.chess.com"]

[Event "Titled Tuesday Blitz May 23 Late 2023"]
[White "Celestino, Rafael Teixeira"]
[Black "Rottenwohrer Suarez, Juan"]
[WhiteFideId "2108925"]
[BlackFideId "32068182"]
[WhiteElo "2365"]
[BlackElo "2174"]
[Result "1/2-1/2"]
[Round "09"]
[TimeControl "180+2"]
[Date "2023.05.23"]
[WhiteClock "0:00:42"]
[BlackClock "0:00:21"]

1. e4 c5 2. Nf3 g6 3. d4 cxd4 4. Nxd4 Nc6 5. Nc3 Bg7 6. Be3 Nf6 7. Qd2 O-O 8. Be2 d5 9. Nxc6 bxc6 10. Bf3 Bg4 11. e5 Ne4 12. Nxe4 Bxf3 13. gxf3 dxe4 14. fxe4 Bxe5 15. O-O-O Qb8 16. Bd4 Bf4 17. Be3 Be5 18. Bd4 Rd8 19. Qc3 Rxd4 20. Rxd4 Qb6 21. Rhd1 c5 22. Rd8+ Rxd8 23. Rxd8+ Qxd8 24. Qxe5 Qa5 25. Qb8+ Kg7 26. Qe5+ Kg8 27. Qb8+ Kg7 28. Qe5+ Kg8 1/2-1/2


[Site "https://www.chess.com"]

[Event "Titled Tuesday Blitz May 23 Late 2023"]
[White "Weinstein, Joshua Ross"]
[Black "Kielinkei"]
[WhiteFideId "30927714"]
[WhiteElo "2349"]
[BlackElo "2459"]
[Result "0-1"]
[Round "09"]
[TimeControl "180+2"]
[Date "2023.05.23"]
[WhiteClock "0:00:16"]
[BlackClock "0:00:06"]

1. e4 c5 2. Nc3 a6 3. a4 Nc6 4. Bc4 e6 5. d3 g6 6. f4 Bg7 7. Nf3 Nge7 8. Bb3 d5 9. e5 f6 10. exf6 Bxf6 11. O-O O-O 12. Ne2 Qd6 13. c3 e5 14. fxe5 Nxe5 15. Bh6 Bg7 16. Bxg7 Nxf3+ 17. Rxf3 Rxf3 18. gxf3 Kxg7 19. Qd2 Be6 20. Nf4 Bf7 21. Re1 Nf5 22. d4 cxd4 23. cxd4 Rd8 24. Re5 Qb6 25. Bxd5 Nxd4 26. Kg2 Nf5 27. Qc3 Kg8 28. Bxf7+ Kxf7 29. a5 Qd6 30. Rd5 Qxf4 31. Rxd8 Qg5+ 32. Kf2 Qxd8 33. Qb3+ Kg7 34. Qxb7+ Qe7 35. Qxa6 Qe3+ 36. Kg2 Qd2+ 37. Kf1 Qc1+ 38. Kf2 Qxb2+ 39. Kg1 Qc1+ 40. Kf2 Qd2+ 41. Kf1 Ne3+ 42. Kg1 Qg2# 0-1


[Site "https://www.chess.com"]

[Event "Titled Tuesday Blitz May 23 Late 2023"]
[White "Buchenau, Frank"]
[Black "ThaBarWa"]
[WhiteFideId "4604350"]
[WhiteElo "2157"]
[BlackElo "2337"]
[Result "1/2-1/2"]
[Round "09"]
[TimeControl "180+2"]
[Date "2023.05.23"]
[WhiteClock "0:00:03"]
[BlackClock "0:00:07"]

1. e4 e6 2. d4 d5 3. Nd2 Nf6 4. e5 Nfd7 5. c3 c5 6. Bd3 b6 7. Nh3 Ba6 8. Bxa6 Nxa6 9. Nf4 Rc8 10. O-O Qc7 11. c4 dxc4 12. d5 Qxe5 13. Nf3 Qd6 14. Re1 e5 15. Qa4 b5 16. Qxb5 Nc7 17. Qa4 f6 18. Nd2 Be7 19. Nxc4 Qa6 20. Qxa6 Nxa6 21. Ne6 Kf7 22. Bd2 Nb6 23. Nxb6 axb6 24. f4 Nc7 25. Nxc7 Rxc7 26. fxe5 fxe5 27. Bc3 Bf6 28. Bxe5 Rd7 29. Bxf6 Kxf6 30. Re6+ Kf7 31. Rxb6 Rxd5 32. a4 Ra8 33. a5 Rd7 34. a6 Rda7 35. Ra5 h6 36. Rb7+ Rxb7 37. axb7 Rb8 38. Rb5 Ke6 39. Kf2 Kd6 40. Rb6+ Kc7 41. Rg6 Rg8 42. Ke3 Kxb7 43. Kd3 Kc7 44. Kc4 Rb8 45. Rxg7+ Kd6 46. Rg6+ Ke5 47. b3 Rb4+ 48. Kc3 Rh4 49. h3 Kd5 50. Rg4 Rh5 51. Rf4 Rg5 52. g4 Re5 53. h4 Re3+ 54. Kc2 Rh3 55. g5 hxg5 56. hxg5 Rg3 57. Rf5+ Kd4 58. Kb2 Rg2+ 59. Ka3 Rg1 60. Ka4 Ra1+ 61. Kb5 Rb1 62. Kc6 Rxb3 63. Rd5+ Ke4 64. Rxc5 Rg3 65. Kd6 Kf4 66. Ke6 Rxg5 67. Rxg5 Kxg5 1/2-1/2


[Site "https://www.chess.com"]

[Event "Titled Tuesday Blitz May 23 Late 2023"]
[White "Gatterer, Florian"]
[Black "Chen, Ryo"]
[WhiteFideId "811688"]
[BlackFideId "7003072"]
[WhiteElo "2221"]
[BlackElo "2169"]
[Result "1/2-1/2"]
[Round "09"]
[TimeControl "180+2"]
[Date "2023.05.23"]
[WhiteClock "0:00:04"]
[BlackClock "0:01:28"]

1. e4 c5 2. Nf3 d6 3. Bb5+ Nd7 4. c4 Nf6 5. Nc3 e5 6. O-O Be7 7. d3 O-O 8. Re1 Ne8 9. Nd2 Nc7 10. Ba4 a6 11. Nf1 Rb8 12. Bc2 b5 13. b3 b4 14. Ne2 Ne6 15. Ne3 Bg5 16. Nd5 Bxc1 17. Qxc1 Nf6 18. Ne3 Nd4 19. Bd1 Nxe2+ 20. Bxe2 Ne8 21. Bg4 Nc7 22. Bxc8 Rxc8 23. a3 a5 24. axb4 axb4 25. Qd2 Ne6 26. Nc2 g6 27. Ra7 Qf6 28. g3 Ng5 29. Qe2 Nf3+ 30. Kg2 Nxe1+ 31. Qxe1 Ra8 32. Rxa8 Rxa8 33. Ne3 Ra2 34. Nd5 Qg5 35. Qd1 h5 36. h4 Qd8 37. Qf3 Kg7 38. Qe3 f6 39. Qf3 Rb2 40. g4 f5 41. gxf5 Qxh4 42. f6+ Kf7 43. Qe3 Qg4+ 44. Kh2 Rxb3 45. Qh6 Qh4+ 46. Kg2 Qg4+ 47. Kh2 1/2-1/2


[Site "https://www.chess.com"]

[Event "Titled Tuesday Blitz May 23 Late 2023"]
[White "Erzhanov, Arman"]
[Black "zsizsi99"]
[WhiteFideId "4138821"]
[WhiteElo "2138"]
[BlackElo "2389"]
[Result "1-0"]
[Round "09"]
[TimeControl "180+2"]
[Date "2023.05.23"]
[WhiteClock "0:00:16"]
[BlackClock "0:00:00"]

1. e4 c5 2. Nf3 e6 3. b3 d5 4. Bb5+ Bd7 5. Bxd7+ Qxd7 6. exd5 exd5 7. O-O Nf6 8. d4 Be7 9. dxc5 Bxc5 10. Re1+ Be7 11. Ba3 Nc6 12. Ne5 Nxe5 13. Rxe5 O-O 14. Bxe7 Qc7 15. Re2 Ng4 16. g3 Rfe8 17. Bg5 h5 18. Bf4 Qb6 19. Nc3 Qa5 20. Bd2 Qc5 21. h3 Nf6 22. Na4 Qb5 23. Rxe8+ Rxe8 24. Be3 b6 25. Qd3 Qc6 26. Rd1 Rc8 27. c4 dxc4 28. Qxc4 Qxc4 29. bxc4 Rxc4 30. Rd8+ Kh7 31. Rd4 Rc2 32. Rd2 Rc4 33. Nb2 Rb4 34. Nd3 Ra4 35. Kg2 Ne4 36. Rc2 f6 37. Nf4 h4 38. gxh4 Nd6 39. h5 Nf5 40. Kf3 Ra3 41. Rb2 b5 42. Ke4 Nd6+ 43. Kd5 Nc4 44. Re2 a5 45. Kc5 Nxe3 46. fxe3 b4 47. Kc4 Rc3+ 48. Kb5 Kh6 49. Nd5 Ra3 50. Nf4 b3 51. axb3 Rxb3+ 52. Kc4 Rb4+ 53. Kd3 Rb5 54. Ra2 Re5 55. Ra4 Kg5 56. Kd4 Kh6 57. Rc4 Rb5 58. Rc5 Rb4+ 59. Kc3 Re4 60. Kd3 Ra4 61. Rc8 Kh7 62. Ra8 Kh6 63. Ra6 Ra1 64. Kc3 a4 65. Kb4 Re1 66. Re6 Ra1 67. Re8 a3 68. Kb3 Kg5 69. Rg8 1-0


[Site "https://www.chess.com"]

[Event "Titled Tuesday Blitz May 23 Late 2023"]
[White "Guerra Tulcan, Lenin"]
[Black "Carrasco Miranda, Andres"]
[WhiteFideId "3601382"]
[BlackFideId "3405990"]
[WhiteElo "2368"]
[BlackElo "2183"]
[Result "1-0"]
[Round "09"]
[TimeControl "180+2"]
[Date "2023.05.23"]
[WhiteClock "0:01:10"]
[BlackClock "0:00:00"]

1. e4 e5 2. Nf3 Nc6 3. d4 exd4 4. Bc4 Bc5 5. c3 d6 6. cxd4 Bb4+ 7. Nc3 Nf6 8. O-O O-O 9. Bg5 h6 10. Bh4 Bg4 11. Nd5 g5 12. Bg3 Nxe4 13. Qd3 Bf5 14. Qb3 Nd2 15. Nxd2 Bxd2 16. Rad1 Nxd4 17. Qxb7 Rb8 18. Qxc7 Rxb2 19. Qxa7 Nc6 20. Qa3 1-0


[Site "https://www.chess.com"]

[Event "Titled Tuesday Blitz May 23 Late 2023"]
[White "Bruedigam, Martin"]
[Black "Gerbelli Neto, Eduardo"]
[WhiteFideId "24608033"]
[BlackFideId "2103281"]
[WhiteElo "2331"]
[BlackElo "2178"]
[Result "1-0"]
[Round "09"]
[TimeControl "180+2"]
[Date "2023.05.23"]
[WhiteClock "0:00:48"]
[BlackClock "0:00:00"]

1. d4 d5 2. c4 c6 3. Nf3 Nf6 4. e3 e6 5. b3 Nbd7 6. Bd3 Bb4+ 7. Bd2 a5 8. O-O Qe7 9. Nc3 dxc4 10. bxc4 e5 11. Qc2 O-O 12. Ne4 Bxd2 13. Nfxd2 Nxe4 14. Nxe4 f5 15. Nc3 e4 16. Be2 Nf6 17. Rab1 Re8 18. Rb6 Qf7 19. Rfb1 Re7 20. Na4 Nd7 21. R6b2 f4 22. exf4 Qxf4 23. Qd2 Qf6 24. Qe3 Nf8 25. Nc5 Ng6 26. g3 Qf5 27. Nxb7 Qh3 28. Bf1 Qh5 29. Nd6 Bg4 30. Rb8+ Rxb8 31. Rxb8+ Nf8 32. c5 Qg6 33. Qf4 1-0


[Site "https://www.chess.com"]

[Event "Titled Tuesday Blitz May 23 Late 2023"]
[White "Seletsky, Grigory"]
[Black "Hernandez Leon, Alberto"]
[WhiteFideId "14112191"]
[BlackFideId "2272555"]
[WhiteElo "2491"]
[BlackElo "2239"]
[Result "0-1"]
[Round "09"]
[TimeControl "180+2"]
[Date "2023.05.23"]
[WhiteClock "0:00:00"]
[BlackClock "0:00:06"]

1. b3 d5 2. Bb2 Bg4 3. Nf3 Bxf3 4. exf3 e6 5. f4 Nf6 6. g3 c5 7. Bg2 Nc6 8. O-O Bd6 9. d3 O-O 10. Nd2 e5 11. f5 Re8 12. g4 e4 13. dxe4 Nxe4 14. Nxe4 dxe4 15. Re1 Be5 16. Bxe5 Rxe5 17. Qxd8+ Rxd8 18. Bxe4 Rde8 19. f3 Nd4 20. Kf2 b6 21. Re3 Nxc2 22. Bxc2 Rxe3 23. Be4 Rc3 24. Rd1 c4 25. bxc4 Rxc4 26. Rd7 Ra4 27. Bd5 Rf8 28. Bb3 Ra5 29. Kg3 g6 30. f6 g5 31. h4 h6 32. h5 b5 33. Rb7 Ra6 34. Rxb5 Rxf6 35. Ra5 Re8 36. Rxa7 Re3 37. Bd5 Rd3 38. Be4 Rd2 39. Ra3 Rb6 40. Rd3 Rxd3 41. Bxd3 Kg7 42. Bc4 Rb4 43. Bb3 Kf6 44. Kf2 Ke7 45. Ke3 f6 46. Kd3 Kd6 47. Kc3 Rf4 48. Bd1 Kc5 49. a4 f5 50. Kd3 fxg4 51. fxg4 Kd5 52. Kc3 Kc5 53. Kb3 Rf8 54. Bc2 Rf4 55. Bd1 Rd4 56. Be2 Rd2 57. Ba6 Rg2 58. Bc8 Rg3+ 59. Kc2 Kb4 60. Bd7 Rc3+ 61. Kd2 Ra3 0-1


[Site "https://www.chess.com"]

[Event "Titled Tuesday Blitz May 23 Late 2023"]
[White "Bashkansky, Ethan"]
[Black "Santos Flores, Alberto"]
[WhiteFideId "2071533"]
[BlackFideId "3601234"]
[WhiteElo "2349"]
[BlackElo "2235"]
[Result "0-1"]
[Round "09"]
[TimeControl "180+2"]
[Date "2023.05.23"]
[WhiteClock "0:01:02"]
[BlackClock "0:01:25"]

1. d4 d5 2. c4 c6 3. Nc3 Nf6 4. e3 a6 5. Nf3 Bf5 6. Bd3 Bg6 7. O-O e6 8. Ne5 Bxd3 9. Qxd3 Nbd7 10. f4 Be7 11. b3 O-O 12. Bb2 Nxe5 13. fxe5 Nd7 14. c5 f6 15. exf6 Bxf6 16. e4 h6 17. Rae1 Qc7 18. Ne2 Nxc5 19. dxc5 Bxb2 20. Nf4 Rxf4 0-1


[Site "https://www.chess.com"]

[Event "Titled Tuesday Blitz May 23 Late 2023"]
[White "Lalanne, Pablo"]
[Black "Perez, Maximiliano"]
[WhiteFideId "112151"]
[BlackFideId "117234"]
[WhiteElo "2120"]
[BlackElo "2344"]
[Result "0-1"]
[Round "09"]
[TimeControl "180+2"]
[Date "2023.05.23"]
[WhiteClock "0:00:00"]
[BlackClock "0:00:19"]

1. e4 c5 2. Nf3 d6 3. d4 cxd4 4. Nxd4 Nf6 5. Nc3 a6 6. Bc4 e6 7. Bb3 b5 8. O-O Qc7 9. Qf3 Be7 10. Qg3 O-O 11. Bh6 Ne8 12. Rad1 Kh8 13. Bg5 Nf6 14. a3 Nc6 15. Nxc6 Qxc6 16. Bxf6 gxf6 17. Nd5 Bd8 18. Nb4 Qxe4 19. Rfe1 Qg6 20. Qxg6 hxg6 21. Rxd6 Bc7 22. Rd3 a5 23. Nc6 Bb7 24. Nd4 b4 25. a4 Rfd8 26. Rh3+ Kg7 27. Nb5 Bb6 28. Bc4 Rd2 29. Rf1 Rad8 30. Bd3 e5 31. Rh4 e4 32. Bxe4 Rxf2 0-1


[Site "https://www.chess.com"]

[Event "Titled Tuesday Blitz May 23 Late 2023"]
[White "Matute Escobar, Roxanny"]
[Black "Shapiro, Viktor"]
[WhiteFideId "3926028"]
[BlackFideId "4175700"]
[WhiteElo "1844"]
[BlackElo "2152"]
[Result "1-0"]
[Round "09"]
[TimeControl "180+2"]
[Date "2023.05.23"]
[WhiteClock "0:01:20"]
[BlackClock "0:02:09"]

1. e4 c5 2. Nf3 d6 3. d4 c4 4. Bxc4 g6 5. Nc3 Bg7 6. O-O a6 7. h3 b5 8. Bd5 Ra7 9. e5 b4 10. Ne4 dxe5 11. dxe5 Rd7 12. Bxf7+ Kxf7 13. Nfg5+ Ke8 14. Qf3 e6 15. Nd6+ Rxd6 16. Qf7# 1-0


[Site "https://www.chess.com"]

[Event "Titled Tuesday Blitz May 23 Late 2023"]
[White "kiwibobo"]
[Black "reevecanada"]
[WhiteElo "2206"]
[BlackElo "2436"]
[Result "0-1"]
[Round "09"]
[TimeControl "180+2"]
[Date "2023.05.23"]
[WhiteClock "0:00:19"]
[BlackClock "0:00:57"]

1. e4 c5 2. Nf3 d6 3. d4 cxd4 4. Nxd4 Nf6 5. Nc3 a6 6. Be2 e5 7. Nb3 Be7 8. Bg5 Be6 9. Bxf6 Bxf6 10. Qd3 Nd7 11. Qxd6 Be7 12. Qd3 Qc7 13. O-O-O O-O 14. Nd5 Bxd5 15. exd5 Bd6 16. Kb1 Rac8 17. c3 f5 18. Nd2 Nc5 19. Qc2 b5 20. Nb3 Na4 21. Rc1 Qb6 22. f3 a5 23. Qd3 Rb8 24. c4 b4 25. Rhe1 Rbc8 26. Bf1 g6 27. g3 Rc7 28. f4 e4 29. Qd4 Nc5 30. Nxc5 Bxc5 31. Qd1 Be3 32. Rc2 Rd8 33. Qe2 Bc5 34. Rd1 a4 35. d6 Rxd6 36. Rxd6 Qxd6 37. Rd2 Qe7 38. Qd1 a3 39. b3 Kg7 40. Rd5 Qf6 41. Rd7+ Kh6 42. Rxc7 Qb2# 0-1


[Site "https://www.chess.com"]

[Event "Titled Tuesday Blitz May 23 Late 2023"]
[White "Mazurkiewicz, Michal"]
[Black "Torres Dominguez, David"]
[WhiteFideId "1124943"]
[BlackFideId "2220857"]
[WhiteElo "2054"]
[BlackElo "1999"]
[Result "1-0"]
[Round "09"]
[TimeControl "180+2"]
[Date "2023.05.23"]
[WhiteClock "0:00:18"]
[BlackClock "0:00:14"]

1. e4 e5 2. Nf3 Nc6 3. Bb5 Nge7 4. c3 g6 5. d4 Bg7 6. d5 a6 7. Bd3 Na7 8. c4 d6 9. Nc3 O-O 10. O-O Bd7 11. Be3 b5 12. Nd2 b4 13. Ne2 c5 14. dxc6 Naxc6 15. c5 d5 16. exd5 Nxd5 17. Nc4 Nxe3 18. Nxe3 Be6 19. Be4 Qc7 20. Qd6 Rac8 21. Nd5 Bxd5 22. Bxd5 Rfd8 23. Qxc7 Rxc7 24. Rfd1 Rcd7 25. Bb3 Rxd1+ 26. Rxd1 e4 27. Rxd8+ Nxd8 28. Bd5 Bxb2 29. Bxe4 Ne6 30. c6 Be5 31. g3 a5 32. f4 Bd6 33. Kf2 a4 34. Bc2 Nc5 35. Nd4 Ne6 36. Nb5 Bb8 37. Bxa4 Nc7 38. Ke3 Nd5+ 39. Kd4 Nc7 40. Nxc7 Bxc7 41. Kc4 Kf8 42. Kxb4 Ke7 43. Bb3 f6 44. Bc2 Kd6 45. Kb5 Bd8 46. a4 Kc7 47. a5 Kb8 48. a6 Ka7 49. Bd3 Bc7 50. Kc5 Kb8 51. Kd5 Ka7 52. Ke6 g5 53. f5 Be5 54. Kd7 Kb8 55. c7+ Bxc7 56. a7+ Kb7 57. a8=Q+ Kxa8 58. Kxc7 1-0


[Site "https://www.chess.com"]